 Dungeon Sprint DCSS version 0.26-a0-958-gf3041fb45f (webtiles) character file.

Game seed: 341217327659440118

1372 iamoutofideas the Eclecticist (level 8, -6/41 HPs)
             Began as a Deep Elf Ice Elementalist on Nov 30, 2020.
             Was a Believer of Vehumet.
             Mangled by a two-headed ogre
             ... wielding a +0 giant club
              (14 damage)
             ... in the Dungeon (Sprint III: "The Ten Rune Challenge").
             The game lasted 00:04:40 (1343 turns).

iamoutofideas the Eclecticist (DEIE)                Turns: 1343, Time: 00:04:40

Health: -6/41      AC:  2    Str:  5    XL:     8   Next: 38%
Magic:  27/30      EV: 14    Int: 23    God:    Vehumet [**....]
Gold:   32         SH:  0    Dex: 15    Spells: 15/40 levels left

rFire    . . .     SeeInvis .   k - +2 dagger (elec)
rCold    . . .     Faith    .   (no shield)
rNeg     . . .     Spirit   .   r - +0 robe {MR+}
rPois    .         Reflect  .   (no helmet)
rElec    .         Harm     .   (no cloak)
rCorr    .         Rampage  .   (no gloves)
MR       +....     NoTele   +   (no boots)
Stlth    ++........             (no amulet)
HPRegen  0.13/turn              (no ring)
MPRegen  0.22/turn              (no ring)

@: frozen ramparts
A: no striking features
a: Renounce Religion


You were in the Dungeon.
You worshipped Vehumet.
Vehumet was pleased with you.
You visited 1 branch You collected 32 gold pieces.

Inventory:

Hand Weapons
 k - a +2 dagger of electrocution (weapon)
 s - a +2 long sword of holy wrath
Armour
 a - a +0 robe
 r - a +0 robe of magic resistance (worn)
Scrolls
 h - a scroll of blinking
 i - 2 scrolls of remove curse
 j - a scroll of holy word
 l - a scroll of enchant armour {unknown}
 o - a scroll of immolation {unknown}
 p - a scroll of random uselessness {unknown}
Potions
 b - a potion of might
 c - a potion of curing
 d - a potion of heal wounds
 e - a potion of haste
 f - 2 potions of magic
 g - 2 potions of berserk rage
 m - a potion of lignification
 n - 4 potions of mutation
 q - a potion of flight {unknown}
Miscellaneous
 t - a condenser vane


   Skills:
 + Level 3.6 Dodging
 - Level 2.6 Stealth
 + Level 16.8 Spellcasting
 + Level 1.7 Conjurations
 + Level 2.7 Summonings
 + Level 13.4 Ice Magic


You had 15 spell levels left.
You knew the following spells:

 Your Spells              Type           Power        Failure   Level
a - Freeze                Ice            ####         0%          1
b - Frozen Ramparts       Ice            ######       1%          3
c - Hailstorm             Conj/Ice       ######..     1%          4
d - Summon Ice Beast      Ice/Summ       ######..     1%          4
e - Ozocubu's Armour      Ice            ######..     1%          3
f - Petrify               Tmut/Erth      ###.....     28%         4
g - Metabolic Englaciati  Hex/Ice        ######....   4%          5
h - Foxfire               Conj/Fire      ###.         1%          1

Your spell library contained the following spells:

 Spells                   Type           Power        Failure   Level
 Confusing Touch          Hex            ###.....     9%          3
 Gell's Gravitas          Tloc           ###.......   9%          3
 Yara's Violent Unravell  Hex/Tmut       ###.......   61%         5


Dungeon Overview and Level Annotations

Branches:
Dungeon (1/1)

Altars:
Cheibriados
Dithmenos
Elyvilon
Fedhas
Gozag
Hepliaklqana
Kikubaaqudgha
Makhleb
Nemelex Xobeh
Okawaru
Qazlal
Ru
Sif Muna
Trog
Uskayaw
Vehumet
Wu Jian
Xom
Yredelemnul
Zin
The Shining One
Beogh
Jiyva
Lugonu


Message History

Press: ? - help, Dir - look around The walls around you are covered in ice.
The wall freezes the two-headed ogre.
Unknown command.
The wall freezes the two-headed ogre!
The wall freezes the two-headed ogre!
The wall freezes the two-headed ogre!
The wall freezes the two-headed ogre.
Casting: Frozen Ramparts (safe; 1% risk of failure)
Confirm with . or Enter, or press ? or * to list all spells.
Aiming: Freeze (safe; 0% risk of failure)
Press: ? - help, Shift-Dir - straight line, f - two-headed ogre
Aim: a two-headed ogre, wielding a +0 giant club and a +0 giant spiked club (heavily wounded)
You freeze the two-headed ogre!
The two-headed ogre is severely wounded.
The two-headed ogre hits you with a +0 giant club!!
Ouch! That really hurt!
* * * LOW HITPOINT WARNING * * *
The two-headed ogre hits you with a +0 giant spiked club!
You die...

#___#___#__#
#...#__.#._#
###'#'###'##
#.†........#
+.⌠........#
#...######'#
#.⌠.#v_#...#+###########
#...#_Y#..)#....#O#.#..
#)###__#...##.#.@#.##.#
#.).#__#..)'##.#.#.##.#
#___#__+..)#...#..#..#
▓▓▓▓▓▓▓▓▓▓▓▓▓▓▓▓▓▓▓▓▓▓


You could see a two-headed ogre.

Vanquished Creatures
  A deep elf mage (D)
  A shadow (D)
  A necrophage (D)
  2 two-headed ogres (D)
  A water elemental (D)
  A scorpion (D)
  A jelly (D)
  A wizard (D)
  A necromancer (D)
  3 humans (D)
  A kobold demonologist (D)
  An ooze (D)
  3 rats (D)
18 creatures vanquished.

Vanquished Creatures (collateral kills)
  A two-headed ogre (D)
1 creature vanquished.

Vanquished Creatures (others)
  A hydra (D)
  A hellion (D)
  5 plants (D)
7 creatures vanquished.

Grand Total: 26 creatures vanquished

Notes
Turn   | Place    | Note
-------+----------+-------------------------------------------
     0 | D        | iamoutofideas the Deep Elf Ice Elementalist began the quest
                  | for the Orb.
     0 | D        | Reached XP level 1. HP: 10/10 MP: 6/6
     7 | D        | Reached skill level 5 in Ice Magic
   100 | D        | Reached skill level 5 in Spellcasting
   100 | D        | Reached XP level 2. HP: 15/15 MP: 0/10
   190 | D        | Noticed a scorpion
   197 | D        | Killed a scorpion
   198 | D        | Reached skill level 8 in Spellcasting
   198 | D        | Reached XP level 3. HP: 4/19 MP: 8/15
   198 | D        | Reached XP level 4. HP: 6/24 MP: 8/16
   432 | D        | Noticed a water elemental
   438 | D        | Learned a level 3 spell: Frozen Ramparts
   443 | D        | Learned a level 4 spell: Hailstorm
   448 | D        | Learned a level 4 spell: Summon Ice Beast
   452 | D        | Learned a level 3 spell: Ozocubu's Armour
   468 | D        | Killed a water elemental
   469 | D        | Reached skill level 10 in Spellcasting
   469 | D        | Reached XP level 5. HP: 8/28 MP: 14/19
   505 | D        | Killed a six-headed hydra
   714 | D        | Found a basalt altar of Yredelemnul.
   714 | D        | Found a shadowy altar of Dithmenos.
   714 | D        | Found a sacrificial altar of Ru.
   714 | D        | Noticed a necrophage
   717 | D        | Reached skill level 11 in Spellcasting
   719 | D        | Killed a necrophage
   720 | D        | Reached skill level 12 in Spellcasting
   813 | D        | Found a radiant altar of Vehumet.
   813 | D        | Found a shimmering blue altar of Sif Muna.
   813 | D        | Found an ancient bone altar of Kikubaaqudgha.
   816 | D        | Reached XP level 6. HP: 32/32 MP: 18/23
   819 | D        | Reached skill level 13 in Spellcasting
   826 | D        | Became a worshipper of Vehumet
   842 | D        | Killed a hellion
   878 | D        | Learned a level 4 spell: Petrify
   884 | D        | Learned a level 5 spell: Metabolic Englaciation
   890 | D        | Found a glowing silver altar of Zin.
   890 | D        | Found a glowing golden altar of the Shining One.
   890 | D        | Found a white marble altar of Elyvilon.
   892 | D        | Noticed a deep elf mage
   899 | D        | Killed a deep elf mage
   900 | D        | Reached skill level 15 in Spellcasting
   900 | D        | Reached skill level 1 in Conjurations
   900 | D        | Reached XP level 7. HP: 30/36 MP: 12/27
   949 | D        | Found a hide-covered altar of Uskayaw.
   949 | D        | Found a roughly hewn altar of Beogh.
   949 | D        | Found an iron altar of Okawaru.
   949 | D        | Found a bloodstained altar of Trog.
   949 | D        | Found an ornate altar of the Wu Jian Council.
   949 | D        | Noticed a human
   951 | D        | Noticed a human
   955 | D        | Killed a human
   956 | D        | Killed a human
   956 | D        | Reached * piety under Vehumet
   956 | D        | Offered knowledge of Shock by Vehumet.
   957 | D        | Reached skill level 16 in Spellcasting
  1024 | D        | Noticed a shadow
  1047 | D        | Killed a shadow
  1048 | D        | Reached skill level 1 in Summonings
  1048 | D        | Reached XP level 8. HP: 27/41 MP: 7/30
  1160 | D        | Found a blossoming altar of Fedhas.
  1160 | D        | Found a stormy altar of Qazlal.
  1160 | D        | Found a snail-covered altar of Cheibriados.
  1160 | D        | Found a burning altar of Makhleb.
  1160 | D        | Found a shimmering altar of Xom.
  1161 | D        | Found a hazy altar of Hepliaklqana.
  1161 | D        | Found an opulent altar of Gozag.
  1161 | D        | Found a sparkling altar of Nemelex Xobeh.
  1161 | D        | Found a corrupted altar of Lugonu.
  1161 | D        | Found a viscous altar of Jiyva.
  1219 | D        | Reached ** piety under Vehumet
  1219 | D        | Offered knowledge of Foxfire by Vehumet.
  1222 | D        | Learned a level 1 spell: Foxfire
  1336 | D        | Noticed a two-headed ogre
  1343 | D        | Mangled by a two-headed ogre

Illustrated notes

Levels and vault maps discovered:
D:        dungeon_sprint_mu [sprint_mu_entry_forest, sprint_mu_temple_rooms,
          sprint_mu_d1_spiders, sprint_mu_d2_genie, sprint_mu_d3_branching,
          sprint_mu_orc_legion, sprint_mu_elf_gauntlet, sprint_mu_hive_nellie,
          sprint_mu_lair_fedhas, sprint_mu_vaults_butterflies,
          sprint_mu_slime_circle, sprint_mu_swamp_cave, sprint_mu_shoals_kraken,
          sprint_mu_blade_basic, sprint_mu_crypt_chambers,
          sprint_mu_tomb_spiral, sprint_mu_vestibule_basic,
          sprint_mu_gehenna_hellfire, sprint_mu_dis_giant,
          sprint_mu_tartarus_statrot, sprint_mu_cocytus_islands, sprint_mu_zot1]

Skill      XL: |  1  2  3  4  5  6  7  8 |
---------------+-------------------------+-----
Ice Magic      | 6 7 8 9 12 13 | 13.4
Spellcasting   | 5 8 10 12 15 16 | 16.8
Dodging        | 3 |  3.6
Conjurations   | 1 |  1.7
Summonings     | 1 2 |  2.7
Stealth        | |  2.6

Action                   |  1- 3 |  4- 6 |  7- 9 || total
-------------------------+-------+-------+-------++-------
Melee: Dagger            |       |     1 |     4 ||     5
 Cast: Freeze            |    16 |     8 |     3 ||    27
       Frozen Ramparts   |       |     4 |     6 ||    10
       Hailstorm         |       |     2 |     1 ||     3
       Summon Ice Beast  |       |     1 |     7 ||     8
  Use: Scroll            |       |     3 |       ||     3
       Potion            |       |     1 |       ||     1
Armor: Robe              |     1 |     1 |       ||     2
Dodge: Dodged            |     7 |     5 |     5 ||    17

Table legend: (Time is in decaauts)
 A = Elapsed time spent in this place.
 B = Non-inter-level travel time spent in this place.
 C = Inter-level travel time spent in this place.
 D = Time resting spent in this place.
 E = Time spent auto-exploring this place.
 F = Levels seen in this place.
 G = Mean time per level.
                   A        B        C        D        E       F      G
               +--------+--------+--------+--------+--------+-----+--------+
         Total |   1344 |   1329 |     15 |    931 |     69 |   1 | 1344.0 |
       Dungeon |   1344 |   1329 |     15 |    931 |     69 |   1 | 1344.0 |
               +--------+--------+--------+--------+--------+-----+--------+

Top non-repeatable levels by time:
       D: 1344 daAuts
